Map: Odisseia LE

Players

IagoAbreu - Winner!

  • Race: Zerg Zerg
  • Spawn Location: 5:00

I.A. 1 (Muito fácil)

  • Race: Zerg Zerg
  • Spawn Location: 11:00

VOD

Have the link to the VOD?

Description

Time

  • Played on: Jan. 3, 2018, 3:06 p.m.
  • Length: 11:26
Show
View Real Time Build Order
Export as new Build Order

IagoAbreu Zerg - Winner!

Build Orders: Pool First 

Get SALT Encoding   

  12  0:03  Drone  
  13  0:11  Drone  
  14  0:17  Overlord  
  14  0:25  Overlord  
  14  0:36  Drone x2  
  16  0:50  Spawning Pool  
  16  0:54  Drone  
  16  1:02  Drone  
  17  1:08  Drone  
  18  1:22  Drone  
  19  1:36  Hatchery  
  19  1:38  Zergling x2  
  19  1:40  Queen  
  19  1:46  Drone  
  22  1:54  Overlord  
  22  2:02  Zergling x2  
  23  2:13  Zergling x2  
  24  2:26  Zergling x2  
  25  2:35  Drone  
  25  2:47  Zergling x2  
  25  2:50  Zergling x6  
  29  2:53  Queen  
  31  3:00  Zergling x2  
  31  3:04  Drone  
  31  3:13  Zergling x4  
  33  3:47  Zergling x6  
  35  4:00  Zergling x4  
  35  4:01  Zergling x10  
  42  4:09  Hatchery  
  41  4:12  Hatchery  
  41  4:14  Queen  
  42  4:17  Zergling x4  
  42  4:23  Overlord x3  
  44  4:41  Queen  
  46  5:05  Zergling x10  
  46  5:06  Zergling x12  
  58  5:07  Zergling x6  
  56  5:34  Zergling x6  
  56  5:35  Zergling x10  
  63  5:36  Zergling x8  
  67  6:47  Zergling x2  
  67  6:48  Zergling x10  
  67  6:49  Zergling x12  
  67  6:50  Zergling x2  
  67  6:52  Overlord x4  
  67  6:53  Overlord x2  
  67  7:41  Zergling x10  
  67  7:42  Zergling x12  
  67  7:43  Zergling x10  
  67  7:44  Zergling x12  
  67  7:45  Zergling x4  
  67  8:00  Extractor  
  67  8:03  Extractor  
  67  9:25  Overlord x4  
  67  9:26  Overlord x4  
  67  9:38  Lair  
  67  10:32  Zergling x8  
  67  10:33  Zergling x12  
  67  10:34  Zergling x6  
  67  10:35  Zergling x12  
  67  10:36  Zergling x8  
  67  10:37  Zergling x2  
  67  11:12  Spire  
  67  11:25  Hydralisk Den  
Show
View Real Time Build Order
Export as new Build Order

I.A. 1 (Muito fácil) Zerg 

Build Orders: Pool Only 

Get SALT Encoding   

  12  0:00  Drone  
  13  0:12  Overlord  
  13  0:16  Drone  
  14  0:36  Spawning Pool  
  14  0:37  Extractor  
  14  0:39  Drone  
  13  0:46  Drone  
  14  0:53  Overlord  
  14  1:22  Zergling x2  
  14  1:24  Queen  
  17  1:34  Roach Warren  
  17  1:35  Extractor  
  17  1:39  Drone  
  16  1:46  Drone  
  17  1:48  Zergling x2  
  18  2:06  Drone  
  19  2:13  Drone  
  19  2:14  Zergling x2  
  21  2:22  Drone  
  22  2:31  Overlord  
  23  2:37  Drone  
  23  2:40  Roach  
  26  2:44  Drone  
  27  2:51  Drone  
  27  3:47  Zergling x2  
  27  5:14  Zergling x2  
  27  5:19  Overlord  
  26  5:28  Drone  
  20  5:35  Drone  
  6  5:40  Zergling x2  
  6  5:42  Drone  
  5  5:49  Drone  
  5  5:56  Drone  
  3  6:04  Drone  
  2  6:11  Drone  
  2  6:18  Drone  
Tags
 
Add a new tag
Caveats
  • Supply blocks, unpowered buildings, or Contaminate may cause inaccurate times.
  • Supply counts are checked every 10 seconds.